 Dungeon Crawl Stone Soup version 0.23.2-33-g5129a83184 (webtiles) character file.

Game seed: 13506834257345656363

21581 kae the Impaler (level 12, -19/98 HPs)
             Began as a Merfolk Gladiator on July 25, 2019.
             Was a High Priest of Okawaru.
             Demolished by a komodo dragon (66 damage)
             ... on level 5 of the Lair of Beasts.
             The game lasted 00:19:35 (15867 turns).

kae the Impaler (Merfolk Gladiator)                Turns: 15867, Time: 00:19:36

Health: -19/98     AC: 23    Str: 16    XL:     12   Next: 91%
Magic:  19/19      EV:  7    Int: 16    God:    Okawaru [*****.]
Gold:   623        SH:  0    Dex: 16    Spells: 10/11 levels left

rFire    . . .     SeeInvis .   a - +2 trident (vamp)
rCold    . . .     Gourm    .   y - +0 buckler
rNeg     + . .     Faith    .   N - +0 crystal plate armour
rPois    .         Spirit   .   F - +2 hat
rElec    .         Reflect  .   l - scarf {cloud immunity}
rCorr    .         Harm     .   m - +2 pair of gloves
MR       .....                  (no boots)
Stlth    ..........             (no amulet)
HPRegen  0.26/turn              e - +6 ring of intelligence
MPRegen  0.16/turn              u - ring of positive energy

@: sleeping, heroism, lightly drained
A: change form in water, swift swim, stealthy swim
a: Heroism, Finesse, Renounce Religion


You were on level 5 of the Lair of Beasts.
You worshipped Okawaru.
Okawaru was extremely pleased with you.
You were hungry.

You visited 3 branches of the dungeon, and saw 16 of its levels.
You also visited: Ice Cave.

You collected 867 gold pieces.
You spent 244 gold pieces at shops.

Inventory:

Hand Weapons
 a - a +2 vampiric trident (weapon)
 c - a +3 demon trident of electrocution
 L - a +2 halberd of venom
Missiles
 d - 3 throwing nets (quivered)
Armour
 l - a scarf of cloud immunity (worn)
 m - a +2 pair of gloves (worn)
 s - a +0 ring mail
 y - a +0 buckler (worn)
 F - a +2 hat (worn)
 N - a +0 crystal plate armour (worn)
Jewellery
 e - a +6 ring of intelligence (left hand)
 u - a ring of positive energy (right hand)
Wands
 b - a wand of polymorph (7)
 r - a wand of acid (4)
 v - a wand of scattershot (8)
 B - a wand of flame (13)
 E - a wand of disintegration (11)
 J - a wand of iceblast (11)
 K - a wand of clouds (5)
Scrolls
 j - 3 scrolls of enchant armour
 k - 4 scrolls of amnesia
 n - 2 scrolls of fog
 o - 4 scrolls of teleportation
 C - a scroll of fear
 I - a scroll of remove curse
 M - a scroll of enchant weapon
Potions
 g - 6 potions of degeneration
 h - 4 potions of invisibility
 i - 2 potions of agility
 p - 5 potions of cancellation
 q - 2 potions of heal wounds
 t - 2 potions of brilliance
 w - 4 potions of haste
 x - a potion of mutation {unknown}
 z - a potion of lignification
 A - 3 potions of flight {unknown}
 D - a potion of resistance
 G - 3 potions of might {unknown}
 H - 4 potions of curing
Comestibles
 f - 33 rations
 O - 2 chunks of flesh


   Skills:
 + Level 10.5(14.8) Fighting
 * Level 18.0(22.1) Polearms
 - Level 2.0(6.4) Throwing
 + Level 2.6(7.0) Armour
 - Level 12.0(16.2) Dodging
 - Level 4.0(8.4) Shields
 + Level 9.4(8.8) Invocations


You had 10 spell levels left.
You knew the following spells:

 Your Spells              Type           Power        Failure   Level  Hunger
a - Beastly Appendage     Tmut           #.....       100%        1    ##.....

Your spell library contained the following spells:

 Spells                   Type           Power        Failure   Level  Hunger
 Animate Skeleton         Necr           N/A          100%        1    ##.....
 Apportation              Tloc           #.....       100%        1    ##.....
 Confusing Touch          Hex            #.....       100%        1    ##.....
 Summon Small Mammal      Summ           #...         100%        1    ##.....
 Sticks to Snakes         Tmut           #.......     100%        2    ###....
 Spider Form              Tmut/Pois      #.........   100%        3    ####...
 Ice Form                 Ice/Tmut       #.......     100%        4    #####..
 Blade Hands              Tmut           #.........   100%        5    ######.
 Bolt of Magma            Conj/Fire/Erth #.........   100%        5    ######.
 Iskenderun's Battlesphe  Conj/Chrm      #.......     100%        5    ######.
 Venom Bolt               Conj/Pois      #.........   100%        5    ######.
 Iron Shot                Conj/Erth      #.........   100%        6    #######
 Orb of Destruction       Conj           #.........   100%        7    #######
 Spellforged Servitor     Conj/Summ      #.........   100%        7    #######


Dungeon Overview and Level Annotations

Branches:
Dungeon (10/15)            Temple (1/1) D:6            Lair (5/6) D:9
  Swamp (0/4) Lair:4        Snake (0/4) Lair:2          Orc (0/2) D:10
  Slime: Lair:5-6

Altars:
Ashenzari
Cheibriados
Dithmenos
Elyvilon
Fedhas
Gozag
Hepliaklqana
Kikubaaqudgha
Makhleb
Nemelex Xobeh
Okawaru
Qazlal
Ru
Sif Muna
Trog
Uskayaw
Vehumet
Wu Jian
Xom
Yredelemnul
Zin
The Shining One

Shops:
D:8 *


Message History

The komodo dragon closely misses you.
The dream sheep ruffle their wool and motes of dream dust sparkle, to no effect.
You closely miss the komodo dragon.
The komodo dragon is moderately wounded.
You block the komodo dragon's attack.
You hit the komodo dragon but do no damage.
The komodo dragon is moderately wounded.
You hit the komodo dragon but do no damage.
The komodo dragon is moderately wounded.
The komodo dragon bites you!
You hit the komodo dragon but do no damage.
The komodo dragon is moderately wounded.
Your crystal plate armour prevents you from hitting the komodo dragon.
The komodo dragon is moderately wounded.
The komodo dragon bites you!
The dream sheep shake their wool and sparkle.
You feel drowsy...
You fall asleep.
The komodo dragon bites you!!!
Ouch! That really hurt!
You die...

...## .t⌠ ##.#.#
#.. #.÷.### #Y.
#..##.### ...
#....##.# . #.+#
#### ##.......
...#...####..##
#.<#....
#...YYtl....#
##.......
#⌠.Y.Y##@#.##
#.#.###..
#.....##.#..#
#.#..# #.
#..⌠.#.##...#
###...## # ##.##
#.#.†####.##...##
#.
###†.P#.####.#.#
. #.P.#..##..###
. #..........# ##
##P###...##.# ###
##### ##


You could see a komodo dragon, a crocodile and 2 dream sheep.

Vanquished Creatures
  2 hydras (Lair:3)
  Sonja (Lair:4)
  3 elephants (Lair:2)
  A cyclops (D:9)
  4 spiny frogs (Lair:2)
  2 rime drakes (Lair:4)
  2 komodo dragons (Lair:2)
  A polar bear (Lair:4)
  A queen bee (D:8)
  4 trolls
  A hornet (D:10)
  3 hippogriffs
  7 blink frogs (Lair:4)
  2 dream sheep (Lair:5)
  A basilisk (Lair:1)
  24 yaks
  A hungry ghost (D:7)
  3 wargs (D:9)
  4 insubstantial wisps (Lair:4)
  8 water moccasins
  3 porcupines
  A black bear (D:8)
  A swamp drake (D:10)
  5 orc warriors
  An ice beast (D:7)
  A phantom (D:4)
  A sky beast (D:8)
  8 wolves
  4 ogres
  3 centaurs
  12 crocodiles
  A gnoll sergeant (D:7)
  12 bullfrogs
  A water moccasin zombie (D:8)
  3 scorpions
  18 killer bees
  7 wights (D:8)
  3 howler monkeys
  2 electric eels (Lair:4)
  3 crimson imps
  A bullfrog zombie (D:10)
  3 jellies
  A centaur skeleton (D:8)
  7 orc priests
  5 hounds
  A bullfrog skeleton (D:5)
  4 iguanas
  5 hell rats (Lair:5)
  10 orc wizards
  8 worker ants
  A hound skeleton (D:10)
  2 worker ant zombies
  Robin (D:2)
  A howler monkey skeleton (D:5)
  5 gnolls (D:7)
  13 adders
  2 shadow imps
  3 oozes
  3 adder skeletons
  6 worms
  3 dart slugs
  3 leopard geckos
  43 orcs
  4 ball pythons
  4 bats
  3 giant cockroaches
  13 goblins
  13 hobgoblins
  13 jackals
  5 quokkas
  5 frilled lizards
  A giant cockroach zombie (D:5)
  7 kobolds
  A leopard gecko skeleton (D:7)
  A quokka zombie (D:7)
  6 rats
  A plant (Lair:2)
373 creatures vanquished.

Vanquished Creatures (others)
  A yak (IceCv)
  A wolf (IceCv)
  7 fungi
  6 plants
15 creatures vanquished.

Grand Total: 388 creatures vanquished

Notes
Turn   | Place    | Note
-------+----------+-------------------------------------------
     0 | D:1      | kae the Merfolk Gladiator began the quest for the Orb.
     0 | D:1      | Reached XP level 1. HP: 16/16 MP: 1/1
   413 | D:1      | Reached XP level 2. HP: 23/23 MP: 2/2
   456 | D:1      | Reached skill level 5 in Polearms
   820 | D:1      | Reached XP level 3. HP: 27/28 MP: 3/3
  1338 | D:2      | Reached XP level 4. HP: 25/34 MP: 4/4
  1623 | D:2      | Reached skill level 6 in Polearms
  2028 | D:2      | Noticed Robin
  2051 | D:2      | Killed Robin
  2051 | D:2      | Reached skill level 5 in Dodging
  2061 | D:2      | Reached XP level 5. HP: 41/41 MP: 5/5
  3080 | D:3      | Reached skill level 7 in Polearms
  3732 | D:4      | Noticed a phantom
  3750 | D:4      | Killed a phantom
  3750 | D:4      | Reached XP level 6. HP: 19/48 MP: 6/6
  4122 | D:5      | Entered Level 5 of the Dungeon
  4171 | D:5      | Reached skill level 8 in Polearms
  4498 | D:5      | Reached XP level 7. HP: 54/54 MP: 7/7
  4650 | D:5      | Reached skill level 9 in Polearms
  5219 | D:6      | Found a staircase to the Ecumenical Temple.
  5224 | Temple   | Entered the Ecumenical Temple
  5353 | Temple   | Became a worshipper of Warmaster Okawaru
  5637 | D:6      | Reached skill level 5 in Fighting
  5637 | D:6      | Reached skill level 1 in Invocations
  5857 | D:6      | Reached XP level 8. HP: 58/62 MP: 7/9
  5933 | D:6      | Reached skill level 10 in Polearms
  6323 | D:6      | Reached * piety under Okawaru
  6488 | D:6      | Found a bloodstained altar of Trog.
  6696 | D:7      | Learned a level 1 spell: Beastly Appendage
  6791 | D:7      | Reached skill level 11 in Polearms
  6894 | D:7      | Reached XP level 9. HP: 52/69 MP: 9/11
  7231 | D:7      | Reached ** piety under Okawaru
  7467 | D:8      | Reached skill level 12 in Polearms
  7946 | D:8      | Noticed a troll
  7962 | D:8      | Noticed a queen bee
  8028 | D:8      | Killed a queen bee
  8034 | D:8      | Reached skill level 5 in Invocations
  8233 | D:8      | Reached skill level 13 in Polearms
  8239 | D:8      | Killed a troll
  8239 | D:8      | Reached *** piety under Okawaru
  8239 | D:8      | Reached XP level 10. HP: 74/79 MP: 10/14
  8517 | D:8      | Found Naroukke's Assorted Antiques.
  8531 | D:8      | Bought a scroll labeled HAXUH YLIANOA for 31 gold pieces
  8531 | D:8      | Bought a metallic green potion for 27 gold pieces
  8531 | D:8      | Bought 2 potions of lignification for 186 gold pieces
  9059 | D:9      | Noticed a cyclops
  9309 | D:9      | Reached skill level 14 in Polearms
  9517 | D:9      | Reached skill level 10 in Dodging
  9709 | D:9      | Found a staircase to the Lair.
  9856 | D:9      | Killed a cyclops
  9856 | D:9      | Reached **** piety under Okawaru
  9856 | D:9      | Received a gift from Okawaru
 10033 | D:10     | Entered Level 10 of the Dungeon
 10489 | D:10     | Reached XP level 11. HP: 87/87 MP: 16/16
 10674 | D:10     | Reached skill level 1 in Shields
 10682 | D:10     | Reached skill level 15 in Polearms
 10695 | D:10     | Paralysed by a hornet for 2 turns
 10806 | D:10     | Found a staircase to the Orcish Mines.
 11011 | Lair:1   | Entered Level 1 of the Lair of Beasts
 12443 | Lair:2   | Found a staircase to the Snake Pit.
 12538 | Lair:2   | Reached ***** piety under Okawaru
 12561 | Lair:2   | Received a gift from Okawaru
 12577 | Lair:2   | Reached skill level 16 in Polearms
 13415 | Lair:3   | Noticed a seven-headed hydra
 13425 | Lair:3   | Killed a seven-headed hydra
 13425 | Lair:3   | Reached XP level 12. HP: 86/96 MP: 15/18
 13649 | Lair:3   | Noticed an eight-headed hydra
 13657 | Lair:3   | Killed an eight-headed hydra
 13736 | Lair:3   | Identified a scroll of acquirement
 13771 | Lair:4   | Received a gift from Okawaru
 13824 | Lair:4   | Noticed Sonja
 13837 | Lair:4   | Killed Sonja
 13901 | Lair:4   | Found a frozen archway.
 13947 | Lair:4   | Reached skill level 17 in Polearms
 13961 | Lair:4   | Reached skill level 1 in Armour
 13982 | IceCv    | Entered an ice cave
 13997 | IceCv    | Reached skill level 10 in Fighting
 14778 | Lair:4   | Found a staircase to the Swamp.
 15856 | Lair:5   | Reached skill level 18 in Polearms
 15867 | Lair:5   | Demolished by a komodo dragon

Skill      XL: |  1  2  3  4  5  6  7  8  9 10 11 12 |
---------------+-------------------------------------+-----
Polearms       | 5 6 7 8 9 11 13 14 16 18 | 18.0
Fighting       | 3 4 5 6 7 8 9 10 | 10.5
Dodging        | 5 6 7 9 10 11 12 | 12.0
Invocations    | 1 3 5 6 8 9 |  9.4
Shields        | 3 4 |  4.0
Armour         | 2 |  2.6
Throwing       | |  2.0

Action                   |  1- 3 |  4- 6 |  7- 9 | 10-12 || total
-------------------------+-------+-------+-------+-------++-------
Melee: Trident           |   111 |   227 |   503 |  1245 ||  2086
       Punch             |       |       |     3 |     2 ||     5
 Cast: Beastly Appendage |       |       |       |     1 ||     1
Invok: Heroism           |       |       |    10 |    23 ||    33
Evoke: Wand              |       |       |     2 |     8 ||    10
  Use: Scroll            |       |    10 |     5 |     9 ||    24
       Potion            |       |     1 |     7 |     2 ||    10
 Stab: Sleeping          |     3 |     1 |       |       ||     4
       Distracted        |       |     1 |     1 |       ||     2
       Confused          |       |       |       |     3 ||     3
  Eat: Chunk             |     1 |     8 |    11 |    26 ||    46
       Ration            |       |     1 |       |       ||     1
Armor: Leather armour    |    21 |    47 |     3 |       ||    71
       Ring mail         |       |       |    74 |    84 ||   158
       Skin              |       |       |    22 |    94 ||   116
       Crystal plate arm |       |       |       |   175 ||   175
Dodge: Dodged            |    51 |   111 |   238 |   490 ||   890
Block: Buckler           |       |       |       |   164 ||   164
